TOP OF THE 1ST |
Niagara Falls Phantoms batting - Pitching for Chester Pirates : RHP Andy Pemberton
|
Pitching: RHP Andy Pemberton
|
|
Batting: RHB Alfredo Mendez
|
0-0: Ball 1-0: TRIPLE (Line Drive, 89XD, EV 101.9 MPH)
|
Batting: LHB Pete Cook
|
0-0: SINGLE (Groundball, 34D, EV 99.4 MPH) Alfredo Mendez scores
|
Batting: RHB Chris Horton
|
0-0: Called Strike 0-1: Ball Pete Cook steals 2nd base 1-1: Fly out, F8 (Flyball, 78M, EV 89.4 MPH)
|
Batting: LHB Luis Ponce
|
0-0: Ball 1-0: Ball 2-0: Foul Ball, location: 2F 2-1: SINGLE (Line Drive, 56D, EV 108.1 MPH) Pete Cook to third Runner from 3rd tries for Home, SAFE, throw by LF to home
|
Batting: SHB Bruce Shelton
|
0-0: Ball Luis Ponce steals 2nd base 1-0: Ball 2-0: Ball 3-0: Called Strike 3-1: SINGLE (Line Drive, 89S, EV 96.2 MPH) Luis Ponce to third
|
Batting: RHB Ryan Book
|
0-0: Called Strike 0-1: Ball 1-1: Swinging Strike 1-2: Strikes out swinging
|
Batting: RHB Randy Joyce
|
0-0: Called Strike 0-1: Called Strike 0-2: Ball 1-2: Fielders Choice at 2nd, 6-4 (Groundball, 6, EV 86.2 MPH)
|
Top of the 1st over - 2 runs, 4 hits, 0 errors, 2 left on base; Niagara Falls 2 - Chester 0 |
BOTTOM OF THE 1ST |
Chester Pirates batting - Pitching for Niagara Falls Phantoms : LHP Tony de la Cruz
|
Pitching: LHP Tony de la Cruz
|
|
Batting: RHB Edwardo Tanchez
|
0-0: Ball 1-0: Ball 2-0: Ball 3-0: Base on Balls
|
Batting: RHB Rafael Galicia
|
0-0: Fly out, F7 (Flyball, 78M, EV 98.1 MPH)
|
Batting: RHB Zach Chmieleski
|
0-0: Ball 1-0: Swinging Strike 1-1: Called Strike 1-2: Ball 2-2: Fly out, F8 (Flyball, 8LM, EV 90.6 MPH)
|
Batting: SHB Mike Corley
|
0-0: Ball 1-0: Ball 2-0: Called Strike 2-1: SINGLE (Line Drive, 78S, EV 91.9 MPH) Edwardo Tanchez to second
|
Batting: RHB Bob Buckler
|
0-0: Ball 1-0: Fly out, F8 (Flyball, 8RD, EV 78.1 MPH)
|
Bottom of the 1st over - 0 runs, 1 hit, 0 errors, 2 left on base; Niagara Falls 2 - Chester 0 |
TOP OF THE 2ND |
Niagara Falls Phantoms batting - Pitching for Chester Pirates : RHP Andy Pemberton
|
Batting: SHB Ramon Werman
|
0-0: Called Strike 0-1: Called Strike 0-2: Fly out, F8 (Flyball, 89XD, EV 96.2 MPH)
|
Batting: RHB Donald DeLisio
|
0-0: Ball 1-0: Called Strike 1-1: Ground out 5-3 (Groundball, 56S, EV 65.0 MPH)
|
Batting: RHB Alfredo Mendez
|
0-0: Ball 1-0: Ball 2-0: Called Strike 2-1: Foul Ball, location: 2F 2-2: Strikes out swinging
|
Top of the 2nd over - 0 runs, 0 hits, 0 errors, 0 left on base; Niagara Falls 2 - Chester 0 |
BOTTOM OF THE 2ND |
Chester Pirates batting - Pitching for Niagara Falls Phantoms : LHP Tony de la Cruz
|
Batting: RHB Matt Rangel
|
0-0: Foul Ball, location: 2F 0-1: Ball 1-1: Ball 2-1: Ball 3-1: Base on Balls
|
Batting: SHB Thad Shearing
|
0-0: Called Strike 0-1: Called Strike 0-2: Ball 1-2: Grounds into double play, 6-4-3 (Groundball, 6, EV 78.8 MPH)
|
Batting: RHB Freddy Mulholland
|
0-0: Ball 1-0: Ground out 5-3 (Groundball, 56S, EV 88.1 MPH)
|
Bottom of the 2nd over - 0 runs, 0 hits, 0 errors, 0 left on base; Niagara Falls 2 - Chester 0 |
TOP OF THE 3RD |
Niagara Falls Phantoms batting - Pitching for Chester Pirates : RHP Andy Pemberton
|
Batting: LHB Pete Cook
|
0-0: Foul Ball, location: 2F 0-1: Swinging Strike 0-2: Ball 1-2: Ball 2-2: Strikes out swinging
|
Batting: RHB Chris Horton
|
0-0: Called Strike 0-1: Ball 1-1: Ball 2-1: Foul Ball, location: 2F 2-2: SINGLE (Line Drive, 4M, EV 98.8 MPH)
|
Batting: LHB Luis Ponce
|
0-0: Swinging Strike 0-1: Ball 1-1: Foul Ball, location: 2F 1-2: Ball 2-2: Strikes out swinging
|
Batting: SHB Bruce Shelton
|
0-0: Ground out 6-3 (Groundball, 4M, EV 100.6 MPH)
|
Top of the 3rd over - 0 runs, 1 hit, 0 errors, 1 left on base; Niagara Falls 2 - Chester 0 |
BOTTOM OF THE 3RD |
Chester Pirates batting - Pitching for Niagara Falls Phantoms : LHP Tony de la Cruz
|
Batting: LHB Sean Driscoll
|
0-0: Swinging Strike 0-1: Foul Ball, location: 2F 0-2: Foul Ball, location: 2F 0-2: Ball 1-2: Strikes out swinging, 2-3 out at first.
|
Batting: RHB Edwardo Tanchez
|
0-0: Called Strike 0-1: Ball 1-1: Foul Ball, location: 2F 1-2: Ball 2-2: Ball 3-2: Base on Balls
|
Batting: RHB Rafael Galicia
|
0-0: Ball 1-0: Ball 2-0: SINGLE (Groundball, 6MD, EV 98.1 MPH) Edwardo Tanchez to second
|
Batting: RHB Zach Chmieleski
|
0-0: Foul Ball, location: 2F 0-1: Ball 1-1: Ball 2-1: Ball 3-1: Called Strike 3-2: Foul Ball, location: 2F 3-2: Base on Balls Edwardo Tanchez to third Rafael Galicia to second
|
Batting: SHB Mike Corley
|
0-0: Called Strike 0-1: Swinging Strike 0-2: Ball 1-2: Ball 2-2: SINGLE (Line Drive, 4D, EV 108.1 MPH) Edwardo Tanchez scores Rafael Galicia to third Zach Chmieleski to second
|
Batting: RHB Bob Buckler
|
0-0: Grounds into double play, 6-4-3 (Groundball, 6S, EV 90.0 MPH)
|
Bottom of the 3rd over - 1 run, 2 hits, 0 errors, 2 left on base; Niagara Falls 2 - Chester 1 |
TOP OF THE 4TH |
Niagara Falls Phantoms batting - Pitching for Chester Pirates : RHP Andy Pemberton
|
Batting: RHB Ryan Book
|
0-0: Ground out 6-3 (Groundball, 56, EV 87.5 MPH)
|
Batting: RHB Randy Joyce
|
0-0: Ball 1-0: Called Strike 1-1: Called Strike 1-2: Strikes out looking
|
Batting: SHB Ramon Werman
|
0-0: Ball 1-0: Ball 2-0: Ball 3-0: Base on Balls
|
Batting: RHB Donald DeLisio
|
0-0: SINGLE (Groundball, 34D, EV 94.4 MPH) Ramon Werman to second Runner from 2nd tries for 3rd, OUT! 9-5
|
Top of the 4th over - 0 runs, 1 hit, 0 errors, 1 left on base; Niagara Falls 2 - Chester 1 |
BOTTOM OF THE 4TH |
Chester Pirates batting - Pitching for Niagara Falls Phantoms : LHP Tony de la Cruz
|
Batting: RHB Matt Rangel
|
0-0: Ball 1-0: Swinging Strike 1-1: Ground out 5-3 (Groundball, 5S, EV 89.4 MPH)
|
Batting: SHB Thad Shearing
|
0-0: Called Strike 0-1: Ball 1-1: Ball 2-1: Ball 3-1: Base on Balls
|
Batting: RHB Freddy Mulholland
|
0-0: Called Strike 0-1: Ball 1-1: Ball 2-1: Ball 3-1: Base on Balls Thad Shearing to second
|
Batting: LHB Sean Driscoll
|
0-0: Ball 1-0: Ball 2-0: Foul Ball, location: 2F 2-1: Called Strike 2-2: Ball 3-2: Foul Ball, location: 2F 3-2: Base on Balls Thad Shearing to third Freddy Mulholland to second
|
Batting: RHB Edwardo Tanchez
|
0-0: Ball 1-0: Ball 2-0: Ball 3-0: Called Strike 3-1: Base on Balls Thad Shearing scores Freddy Mulholland to third Sean Driscoll to second
|
Batting: RHB Rafael Galicia
|
0-0: Reached on error, E6 (Groundball, 6M, EV 76.9 MPH) Freddy Mulholland scores Sean Driscoll to third Edwardo Tanchez to second
|
Batting: RHB Zach Chmieleski
|
0-0: Ball Wild Pitch! Sean Driscoll scores Edwardo Tanchez to third Rafael Galicia to second 1-0: Foul Ball, location: 2F 1-1: Ball 2-1: Ball 3-1: Base on Balls
|
Batting: SHB Mike Corley
|
0-0: Ball Wild Pitch! Edwardo Tanchez scores Rafael Galicia to third Zach Chmieleski to second 1-0: Ball 2-0: Called Strike 2-1: Foul Ball, location: 2F 2-2: SINGLE (Groundball, 23, EV 68.1 MPH) (infield hit)
|
Pitching: RHP Russ Rasmussen
|
|
Batting: RHB Bob Buckler
|
0-0: Ball 1-0: Fielders Choice at 3rd, U5 (Groundball, 5L, EV 85.0 MPH) Rafael Galicia scores Mike Corley to second
|
Batting: RHB Matt Rangel
|
0-0: Ball 1-0: Foul Ball, location: 2F 1-1: Ball 2-1: Ground out 4-3 (Groundball, 4, EV 80.0 MPH)
|
Bottom of the 4th over - 5 runs, 1 hit, 1 error, 2 left on base; Niagara Falls 2 - Chester 6 |
TOP OF THE 5TH |
Niagara Falls Phantoms batting - Pitching for Chester Pirates : RHP Andy Pemberton
|
Batting: RHB Alfredo Mendez
|
0-0: Ball 1-0: Ball 2-0: Called Strike 2-1: Foul Ball, location: 2F 2-2: Strikes out swinging
|
Batting: LHB Pete Cook
|
0-0: Foul Ball, location: 2F 0-1: Ball 1-1: Ball 2-1: Called Strike 2-2: SOLO HOME RUN (Flyball, 8LXD, EV 108.8 MPH), Distance : 443 ft
|
Batting: RHB Chris Horton
|
0-0: Foul Ball, location: 2F 0-1: Swinging Strike 0-2: Ball 1-2: Strikes out looking
|
Batting: LHB Luis Ponce
|
0-0: Ball 1-0: Called Strike 1-1: Ball 2-1: Swinging Strike 2-2: Strikes out swinging
|
Top of the 5th over - 1 run, 1 hit, 0 errors, 0 left on base; Niagara Falls 3 - Chester 6 |
BOTTOM OF THE 5TH |
Chester Pirates batting - Pitching for Niagara Falls Phantoms : RHP Russ Rasmussen
|
Batting: SHB Thad Shearing
|
0-0: Ball 1-0: Ball 2-0: Ball 3-0: Base on Balls
|
Batting: RHB Freddy Mulholland
|
0-0: Called Strike 0-1: Fly out, F8 (Flyball, 89D, EV 102.5 MPH)
|
Batting: LHB Sean Driscoll
|
0-0: Ball 1-0: Ball 2-0: 2-RUN HOME RUN (Flyball, 9D, EV 103.8 MPH), Distance : 399 ft
|
Batting: RHB Edwardo Tanchez
|
0-0: Reached on error, E6 (Groundball, 6, EV 92.5 MPH)
|
Batting: RHB Rafael Galicia
|
0-0: Ball 1-0: Foul Ball, location: 2F 1-1: Ball 2-1: Ball 3-1: Base on Balls Edwardo Tanchez to second
|
Batting: RHB Zach Chmieleski
|
0-0: Called Strike 0-1: Ball 1-1: Ball 2-1: Fly out, F8 (Flyball, 78D, EV 89.4 MPH)
|
Batting: SHB Mike Corley
|
0-0: TRIPLE (Flyball, 89XD, EV 111.2 MPH) Edwardo Tanchez scores Rafael Galicia scores
|
Batting: RHB Bob Buckler
|
0-0: Ball 1-0: Swinging Strike 1-1: Called Strike 1-2: Ball 2-2: Ground out 1-3 (Groundball, 34S, EV 66.9 MPH)
|
Bottom of the 5th over - 4 runs, 2 hits, 1 error, 1 left on base; Niagara Falls 3 - Chester 10 |
TOP OF THE 6TH |
Niagara Falls Phantoms batting - Pitching for Chester Pirates : RHP Andy Pemberton
|
Batting: SHB Bruce Shelton
|
0-0: Ball 1-0: Ball 2-0: Ground out U3 (Groundball, 3, EV 90.0 MPH)
|
Pitching: RHP Justin Rousell
|
|
Batting: RHB Ryan Book
|
0-0: Foul Ball, location: 2F 0-1: Ball 1-1: Ball 2-1: Ball 3-1: Foul Ball, location: 2F 3-2: Base on Balls
|
Pinch Hitting: RHB Ben Underwood
|
0-0: Swinging Strike 0-1: Called Strike Ryan Book steals 2nd base 0-2: Ball 1-2: Fly out, F8 (Flyball, 8RD, EV 74.4 MPH)
|
Batting: SHB Ramon Werman
|
0-0: Called Strike 0-1: Called Strike 0-2: Foul Ball, location: 2F 0-2: Strikes out looking
|
Top of the 6th over - 0 runs, 0 hits, 0 errors, 1 left on base; Niagara Falls 3 - Chester 10 |
BOTTOM OF THE 6TH |
Chester Pirates batting - Pitching for Niagara Falls Phantoms : RHP Russ Rasmussen
|
Now at 1B: Ben Underwood
|
|
Batting: RHB Matt Rangel
|
0-0: Called Strike 0-1: Ball 1-1: Ground out 6-3 (Groundball, 4M, EV 76.9 MPH)
|
Batting: SHB Thad Shearing
|
0-0: DOUBLE (Line Drive, 7LM, EV 110.6 MPH)
|
Pitching: RHP Jared Lesko
|
|
Batting: RHB Freddy Mulholland
|
0-0: Foul Ball, location: 2F 0-1: Called Strike 0-2: Ball 1-2: Strikes out swinging
|
Batting: LHB Sean Driscoll
|
0-0: Called Strike 0-1: 2-RUN HOME RUN (Flyball, 9D, EV 99.4 MPH), Distance : 398 ft
|
Batting: RHB Edwardo Tanchez
|
0-0: Called Strike 0-1: Foul Ball, location: 2F 0-2: Strikes out swinging
|
Bottom of the 6th over - 2 runs, 2 hits, 0 errors, 0 left on base; Niagara Falls 3 - Chester 12 |
TOP OF THE 7TH |
Niagara Falls Phantoms batting - Pitching for Chester Pirates : RHP Justin Rousell
|
Batting: RHB Peter Frankel
|
0-0: Ball 1-0: Called Strike 1-1: Ground out 5-3 (Groundball, 5S, EV 63.8 MPH)
|
Pinch Hitting: RHB Brian Biordi
|
0-0: Foul Ball, location: 2F 0-1: Ball 1-1: Ball 2-1: Called Strike 2-2: Strikes out swinging
|
Batting: LHB Pete Cook
|
0-0: Reached on error, E3 (Groundball, 3S, EV 78.8 MPH)
|
Batting: RHB Chris Horton
|
0-0: Called Strike 0-1: Foul Ball, location: 2F 0-2: Fly out, F7 (Flyball, 7LS, EV 91.2 MPH)
|
Top of the 7th over - 0 runs, 0 hits, 1 error, 1 left on base; Niagara Falls 3 - Chester 12 |
BOTTOM OF THE 7TH |
Chester Pirates batting - Pitching for Niagara Falls Phantoms : RHP Jared Lesko
|
Now at SS: Brian Biordi
|
|
Now in CF: Pete Cook
|
|
Now in RF: Ramon Werman
|
|
Batting: RHB Rafael Galicia
|
0-0: Ball 1-0: Foul Ball, location: 2F 1-1: SINGLE (Groundball, 56D, EV 98.8 MPH)
|
Batting: RHB Zach Chmieleski
|
0-0: Called Strike 0-1: Swinging Strike 0-2: Hit by Pitch Rafael Galicia to second
|
Batting: SHB Mike Corley
|
0-0: Swinging Strike 0-1: Swinging Strike 0-2: Ball 1-2: Hit by Pitch Rafael Galicia to third Zach Chmieleski to second
|
Batting: RHB Bob Buckler
|
0-0: Ball 1-0: Ground out 6-3 (Groundball, P, EV 89.4 MPH) Rafael Galicia scores Zach Chmieleski to third Mike Corley to second
|
Batting: RHB Matt Rangel
|
0-0: Swinging Strike 0-1: Ball 1-1: Called Strike 1-2: Ball 2-2: Strikes out swinging
|
Batting: SHB Thad Shearing
|
0-0: Foul Ball, location: 2F 0-1: Ball 1-1: Foul Ball, location: 2F 1-2: Ball 2-2: Strikes out swinging
|
Bottom of the 7th over - 1 run, 1 hit, 0 errors, 2 left on base; Niagara Falls 3 - Chester 13 |
TOP OF THE 8TH |
Niagara Falls Phantoms batting - Pitching for Chester Pirates : RHP Justin Rousell
|
Pinch Hitting: RHB Baltazar Zuzarte
|
0-0: Ground out 4-3 (Groundball, 4S, EV 81.2 MPH)
|
Batting: SHB Bruce Shelton
|
0-0: Ground out 4-3 (Groundball, 4, EV 83.8 MPH)
|
Batting: RHB Ryan Book
|
0-0: Ball 1-0: Ball 2-0: Foul Ball, location: 2F 2-1: Ball 3-1: DOUBLE (Flyball, 89D, EV 95.0 MPH)
|
Batting: RHB Ben Underwood
|
0-0: Called Strike 0-1: Ball 1-1: Foul Ball, location: 2F 1-2: Ground out 6-3 (Groundball, 6, EV 101.2 MPH)
|
Top of the 8th over - 0 runs, 1 hit, 0 errors, 1 left on base; Niagara Falls 3 - Chester 13 |
BOTTOM OF THE 8TH |
Chester Pirates batting - Pitching for Niagara Falls Phantoms : RHP Jared Lesko
|
Now in LF: Baltazar Zuzarte
|
|
Batting: RHB Freddy Mulholland
|
0-0: Ball 1-0: Called Strike 1-1: Ball 2-1: Swinging Strike 2-2: Foul Ball, location: 2F 2-2: Ball 3-2: Strikes out swinging
|
Pitching: RHP Gene Buxton
|
|
Batting: LHB Sean Driscoll
|
0-0: Ball 1-0: Ball 2-0: Ball 3-0: Base on Balls
|
Batting: RHB Edwardo Tanchez
|
0-0: Ball 1-0: Foul Ball, location: 2F 1-1: Foul Ball, location: 2F 1-2: Fly out, F8 (Line Drive, 8RM, EV 96.9 MPH)
|
Batting: RHB Rafael Galicia
|
0-0: Ball 1-0: Swinging Strike 1-1: Foul Ball, location: 2F 1-2: Strikes out swinging
|
Bottom of the 8th over - 0 runs, 0 hits, 0 errors, 1 left on base; Niagara Falls 3 - Chester 13 |
TOP OF THE 9TH |
Niagara Falls Phantoms batting - Pitching for Chester Pirates : RHP Justin Rousell
|
Pinch Hitting: RHB Todd Wolters
|
0-0: Foul Ball, location: 2F 0-1: Ball 1-1: Ball 2-1: Foul Ball, location: 2F 2-2: Ball 3-2: Strikes out swinging
|
Pitching: RHP Bill Gomez
|
|
Batting: RHB Danny Carrick
|
0-0: Ball 1-0: Ground out 1-3 (Groundball, 13S, EV 68.1 MPH)
|
Batting: RHB Brian Biordi
|
0-0: Ground out 4-3 (Groundball, 4MS, EV 78.1 MPH)
|
Top of the 9th over - 0 runs, 0 hits, 0 errors, 0 left on base; Niagara Falls 3 - Chester 13 |
|